 Dungeon Crawl Stone Soup version 0.26-a0-667-g92642533e4 (webtiles) character file.

Game seed: 8902389586183351748

219 somkeydreadnuts the Shield-Bearer (level 5, 0/46 HPs)
             Began as a Minotaur Fighter on Oct 18, 2020.
             Killed by divine providence
             ... invoked by an orc priest
              (14 damage)
             ... on level 4 of the Dungeon.
             The game lasted 00:07:34 (2665 turns).

somkeydreadnuts the Shield-Bearer (MiFi)            Turns: 2665, Time: 00:07:35

Health: 0/46       AC:  7    Str: 22    XL:     5   Next: 63%
Magic:  4/4        EV:  6    Int:  5    God:
Gold:   172        SH: 15    Dex:  9    Spells: 4/4 levels left

rFire    . . .     SeeInvis .   a - +0 war axe
rCold    . . .     Faith    .   f - +0 tower shield
rNeg     . . .     Spirit   .   b - +0 scale mail
rPois    .         Reflect  .   (helmet restricted)
rElec    .         Harm     .   (no cloak)
rCorr    .         Rampage  .   (no gloves)
MR       .....                  (no boots)
Stlth    ..........             (no amulet)
HPRegen  0.15/turn              (no ring)
MPRegen  0.09/turn              (no ring)

@: no status effects
A: retaliatory headbutt, horns 2
a: no special abilities


You were on level 4 of the Dungeon.
You visited 1 branch of the dungeon, and saw 4 of its levels.

You collected 172 gold pieces.

Inventory:

Hand Weapons
 a - a +0 war axe (weapon)
Armour
 b - a +0 scale mail (worn)
 c - a +0 kite shield
 f - a +0 tower shield (worn)
Wands
 k - a wand of disintegration (16)
Scrolls
 h - 6 scrolls of remove curse {unknown}
 i - a scroll of enchant weapon {unknown}
 l - a scroll of magic mapping {unknown}
 m - 3 scrolls of identify {unknown}
 o - a scroll of enchant armour {unknown}
 p - 2 scrolls of amnesia {unknown}
Potions
 d - 2 potions of might
 e - a potion of heal wounds {unknown}
 g - a potion of curing
 j - 2 potions of ambrosia {unknown}
 n - a potion of magic {unknown}


   Skills:
 - Level 3.7 Fighting
 - Level 2.4 Axes
 + Level 5.7 Armour
 + Level 6.2 Shields


You had 4 spell levels left.
You didn't know any spells.
Your spell library was empty.

Dungeon Overview and Level Annotations

Branches:
Dungeon (4/15)
 Temple: D:4-7

Altars:
Ashenzari
Dithmenos


Innate Abilities, Weirdness & Mutations

You reflexively headbutt those who attack you in melee.
You have a pair of horns on your head.


Message History

You hit the orc priest but do no damage.
The orc priest is heavily wounded.
You block the orc priest's attack. x2; The orc priest barely misses you.
Your shield and scale mail prevent you from hitting the orc priest.
The orc priest is heavily wounded.
The orc priest looks braver for a moment.
The orc priest hits you.
You slash the orc priest!
The orc priest is almost dead.
The orc priest hits you from afar with a +0 trident.
You block the orc priest's attack.
The orc priest hits you from afar with a +0 trident!
The orc priest invokes the aid of Beogh against you.
Pain shoots through your body!
* * * LOW HITPOINT WARNING * * *
It was a potion of curing.
You feel better.
The orc priest looks braver for a moment.
The orc priest mumbles some strange prayers to Beogh against you.
Beogh smites you!
You die...

#.# #.########.##
#.# #.# #.# #.# #.#
#.# ########.# #.#
.........########.#
#######......... .#
##.####### #@# #o#
#o# #o# #.# ..# ..#
..#


You could see 2 orc priests and an orc.

Vanquished Creatures
  2 orc wizards (D:3)
  A worker ant (D:4)
  3 adders
  3 gnolls (D:2)
  2 oozes
  2 worms (D:3)
  A dart slug (D:1)
  A leopard gecko (D:3)
  9 orcs
  A giant cockroach (D:1)
  8 goblins
  5 hobgoblins
  3 jackals (D:1)
  3 quokkas
  5 bats
  3 frilled lizards
  5 kobolds
  6 rats
63 creatures vanquished.

Vanquished Creatures (others)
  5 plants
5 creatures vanquished.

Grand Total: 68 creatures vanquished

Notes
Turn   | Place    | Note
-------+----------+-------------------------------------------
     0 | D:1      | somkeydreadnuts the Minotaur Fighter began the quest for
                  | the Orb.
     0 | D:1      | Reached XP level 1. HP: 19/19 MP: 0/0
   155 | D:1      | Reached skill level 4 in Shields
   155 | D:1      | Reached XP level 2. HP: 26/27 MP: 1/1
  1083 | D:2      | Reached XP level 3. HP: 33/33 MP: 2/2
  1428 | D:2      | Found a broken altar of Ashenzari.
  1436 | D:2      | Saw a vision of the Shoals and the Snake Pit.
  1436 | D:2      | Noticed an anaconda
  1436 | D:2      | Noticed a mana viper
  1436 | D:2      | Noticed a naga sharpshooter
  1436 | D:2      | Noticed a centaur
  1436 | D:2      | Noticed a centaur
  1436 | D:2      | Noticed a merfolk
  1436 | D:2      | Noticed an anaconda
  1436 | D:2      | Noticed a sea snake
  1437 | D:2      | Noticed a naga
  1440 | D:2      | Noticed a naga sharpshooter
  1575 | D:2      | Reached XP level 4. HP: 40/40 MP: 3/3
  1632 | D:3      | Reached skill level 5 in Shields
  1633 | D:3      | Reached skill level 5 in Armour
  1634 | D:3      | Reached XP level 5. HP: 11/46 MP: 4/4
  1694 | D:3      | Found a shadowy altar of Dithmenos.
  2440 | D:4      | Reached skill level 6 in Shields
  2665 | D:4      | Killed from afar by an orc priest

Illustrated notes

Levels and vault maps discovered:
D:1:      dpeg_arrival_oval, layout_loops_ring, serial_forest,
          infiniplex_forest_lined_2, infiniplex_forest_join,
          infiniplex_forest_straight_1, infiniplex_forest_clump_medium
D:2:      wad_crossroads, layout_basic, grunt_ashenzari_visionary
          [grunt_ashenzari_visionary_shoals, grunt_ashenzari_visionary_snake]
D:3:      layout_rooms, overflow_temple_1_default, amethyst_killhole,
          serial_bayou_pond_c
D:4:      layout_loops_ring, gammafunk_temple_overflow_elements,
          grunt_ministairs_1, lemuel_angel_altar

Skill      XL: |  1  2  3  4  5 |
---------------+----------------+-----
Shields        | 4 5 6 |  6.2
Armour         | 4 5 |  5.7
Fighting       | |  3.7
Axes           | |  2.4

Action                   |  1- 3 |  4- 6 || total
-------------------------+-------+-------++-------
Melee: War axe           |    67 |    72 ||   139
       Headbutt          |    10 |     7 ||    17
  Use: Potion            |       |     3 ||     3
Armor: Scale mail        |    27 |    40 ||    67
Dodge: Dodged            |    28 |    25 ||    53
Block: Kite shield       |    47 |    39 ||    86
       Tower shield      |       |    11 ||    11

Table legend: (Time is in decaauts)
 A = Elapsed time spent in this place.
 B = Non-inter-level travel time spent in this place.
 C = Inter-level travel time spent in this place.
 D = Time resting spent in this place.
 E = Time spent auto-exploring this place.
 F = Levels seen in this place.
 G = Mean time per level.
                   A        B        C        D        E       F      G
               +--------+--------+--------+--------+--------+-----+--------+
         Total |   2718 |   2697 |     21 |      0 |   1953 |   4 |  679.5 |
       Dungeon |   2718 |   2697 |     21 |      0 |   1953 |   4 |  679.5 |
               +--------+--------+--------+--------+--------+-----+--------+

Top non-repeatable levels by time:
     D:1: 1008 daAuts
     D:3: 829 daAuts
     D:2: 644 daAuts
     D:4: 235 daAuts
